Map: Colonia rurale

Players

Hazard - Winner!

  • Race: Protoss Protoss
  • League: Bronze
  • Spawn Location: 5:00

mat - Winner!

  • Race: Zerg Zerg
  • Spawn Location: 5:00

Imo - Winner!

  • Race: Zerg Zerg
  • Spawn Location: 5:00

Mørtebianca

  • Race: Zerg Zerg
  • League: Diamond
  • Spawn Location: 9:00

Space

  • Race: Protoss Protoss
  • League: Diamond
  • Spawn Location: 11:00

Jhyrachy

  • Race: Zerg Zerg
  • League: Silver
  • Spawn Location: 11:00

VOD

Have the link to the VOD?

Description

Time

  • Played on: Dec. 9, 2015, 3:30 p.m.
  • Length: 4:51
Show
View Real Time Build Order
Export as new Build Order

Hazard Protoss - Winner!

Build Orders:  

Get SALT Encoding   

  12  0:01  Probe (Chrono Boost)  
  13  0:19  Pylon  
  14  0:21  Probe (Chrono Boost)  
  14  0:38  Gateway  
  14  0:42  Probe (Chrono Boost)  
  15  0:50  Gateway  
  15  1:03  Gateway  
  16  1:04  Probe (Chrono Boost)  
  16  1:26  Zealot  
  16  1:31  Assimilator  
  18  1:39  Zealot  
  20  1:40  Pylon  
  22  1:54  Zealot (Chrono Boost)  
  22  1:59  Zealot (Chrono Boost)  
  22  2:00  Cybernetics Core, Probe (Chrono Boost)  
  27  2:11  Zealot (Chrono Boost)  
  31  2:44  Stalker (Chrono Boost)  
  31  2:48  Stalker (Chrono Boost)  
  31  3:04  Stalker (Chrono Boost)  
  31  3:31  Stalker (Chrono Boost)  
  25  3:53  Stalker x2 (Chrono Boost)  
  29  4:12  Stalker (Chrono Boost)  
  31  4:20  Gateway, Pylon  
  31  4:25  Assimilator  
Show
View Real Time Build Order
Export as new Build Order

mat Zerg - Winner!

Build Orders: Pool First 

Get SALT Encoding   

  12  0:04  Drone  
  13  0:12  Drone  
  14  0:14  Extractor  
  14  0:16  Drone  
  14  0:35  Spawning Pool  
  13  0:39  Drone  
  14  0:51  Overlord  
  14  1:21  Metabolic Boost  
  14  1:22  Queen  
  16  1:26  Zergling x6  
  19  1:37  Overlord  
  19  1:48  Zergling x2  
  20  2:01  Zergling x2  
  21  2:22  Zergling x4  
  23  2:32  Hatchery  
  22  2:47  Zergling x6  
  25  2:55  Zergling x2  
  25  3:11  Zergling x8  
  28  3:25  Spore Crawler  
  25  3:34  Zergling x4  
  26  3:43  Zergling x4  
  26  3:44  Zergling x2  
  29  3:53  Queen  
  28  4:03  Zergling x6  
Show
View Real Time Build Order
Export as new Build Order

Imo Zerg - Winner!

Build Orders: Pool First 

Get SALT Encoding   

  12  0:09  Drone  
  13  0:14  Overlord  
  13  0:28  Drone  
  13  0:32  Drone, Extractor  
  14  0:36  Drone  
  15  0:47  Spawning Pool  
  15  0:48  Drone  
  15  0:54  Drone  
  16  1:05  Drone  
  17  1:17  Drone  
  18  1:29  Hatchery  
  18  1:30  Drone  
  18  1:37  Metabolic Boost  
  18  1:48  Queen  
  20  1:55  Zergling x4  
  22  2:30  Overlord x2  
  22  2:40  Queen  
  24  2:51  Queen  
  24  2:52  Drone x3  
  24  2:53  Drone x2  
  31  3:06  Drone x3  
  34  3:14  Baneling Nest  
  34  3:16  Drone x3  
  34  3:34  Spore Crawler  
  34  3:39  Spore Crawler  
  32  3:42  Drone x2  
  32  3:43  Drone  
  32  3:44  Lair  
  32  3:45  Zergling x4  
  32  3:46  Zergling x2  
  32  3:48  Drone x2  
  40  3:58  Zergling x4  
  42  4:09  Zergling x4  
  44  4:10  Overlord x2  
  44  4:23  Overlord  
  44  4:35  Drone x3  
  44  4:36  Drone  
  44  4:38  Drone x2  
  50  4:40  Roach Warren  
Show
View Real Time Build Order
Export as new Build Order

Mørtebianca Zerg 

Build Orders: Hatch First 

Get SALT Encoding   

  12  0:01  Drone  
  13  0:08  Drone  
  14  0:17  Overlord  
  14  0:36  Drone x3  
  17  0:57  Drone  
  17  1:00  Drone  
  19  1:04  Hatchery  
  18  1:24  Drone  
  19  1:31  Hatchery  
  18  1:51  Extractor  
  17  1:59  Spawning Pool, Hatchery  
  15  2:11  Drone  
  15  2:12  Drone x2  
  18  2:17  Drone  
  19  2:23  Drone  
  19  2:27  Drone  
  21  2:35  Overlord  
  21  2:46  Zergling x6  
  21  2:50  Zergling x2  
  17  2:56  Zergling x4  
  14  3:04  Zergling x2  
  7  3:39  Drone  
  5  3:53  Drone  
    4:23  Drone  
Show
View Real Time Build Order
Export as new Build Order

Space Protoss 

Build Orders:  

Get SALT Encoding   

  12  0:02  Probe (Chrono Boost)  
  13  0:12  Probe (Chrono Boost)  
  14  0:26  Probe (Chrono Boost)  
  15  0:30  Pylon  
  15  0:48  Probe (Chrono Boost), Gateway  
  16  0:52  Assimilator  
  16  0:59  Probe (Chrono Boost)  
  17  1:09  Probe (Chrono Boost)  
  18  1:20  Probe (Chrono Boost)  
  20  1:40  Probe (Chrono Boost)  
  20  1:45  Cybernetics Core  
  20  1:49  Nexus  
  20  1:50  Pylon  
  20  1:56  Cybernetics Core  
  20  2:01  Probe (Chrono Boost)  
  20  2:11  Probe (Chrono Boost)  
  20  2:14  Assimilator  
  21  2:24  Probe (Chrono Boost)  
  21  2:26  Stargate  
  21  2:27  Zealot (Chrono Boost)  
  24  2:39  Probe  
  23  3:06  Mothership Core  
  23  3:18  Pylon  
  24  3:35  Probe  
  24  3:37  Pylon  
  23  3:51  Gateway  
  23  3:53  Gateway x2  
  23  3:55  Mothership Core  
Show
View Real Time Build Order
Export as new Build Order

Jhyrachy Zerg 

Build Orders: Hatch First 

Get SALT Encoding   

  12  0:02  Drone  
  13  0:08  Drone  
  14  0:22  Extractor  
  14  0:23  Extractor  
  14  0:24  Drone x2  
  16  0:50  Overlord  
  16  1:04  Hatchery  
  16  1:09  Drone x3  
  18  1:16  Extractor  
  17  1:20  Spawning Pool  
  17  1:23  Drone  
  17  1:33  Drone  
  18  1:43  Drone  
  19  1:53  Overlord  
  19  2:08  Queen  
  22  2:15  Zergling x4  
  23  2:23  Queen  
  25  2:31  Zergling x2  
  25  2:34  Metabolic Boost  
  26  2:49  Zergling x2  
  26  2:50  Zergling x2  
  12  3:23  Drone x3  
  7  3:30  Drone  
  7  3:31  Drone x5  
  7  3:34  Queen  
  14  3:50  Drone  
  15  3:57  Drone  
  16  4:09  Queen  
  18  4:35  Drone  
  18  4:36  Drone x5  
  18  4:37  Drone  
Tags
 
Add a new tag
Caveats
  • Supply blocks, unpowered buildings, or Contaminate may cause inaccurate times.
  • Supply counts are checked every 10 seconds.